 Dungeon Crawl Stone Soup version 0.15.0-27-gbdb0435 (webtiles) character file.

552 Psiweapon the Ruffian (level 7, -4/38 HPs)
             Began as a Gargoyle Transmuter on Sept 11, 2014.
             Killed by divine providence
             ... invoked by an orc priest
              (11 damage)
             ... on Level 5 of the Dungeon.
             The game lasted 00:17:23 (5121 turns).

Psiweapon the Ruffian (Gargoyle Transmuter)         Turns: 5121, Time: 00:17:24

HP  -4/38        AC  9     Str 13      XL: 7   Next: 29%
MP  12/12        EV 11     Int 14      God:
Gold 242         SH  0     Dex 12      Spells:  1 memorised,  9 levels left

rFire  . . .     SeeInvis +       - Unarmed
rCold  . . .     Clarity  .     E - +0 leather armour
rNeg   + . .     rCorr    .     (no shield)
rPois  +         rRot     +     (no helmet)
rElec  +         Spirit   .     (no cloak)
SustAb .         Warding  .     A - +1 pair of gloves
rMut   .         Stasis   .     (no boots)
Gourm  .                        (no amulet)
MR     .....                    (no ring)
                                H - ring of see invisible

@: not resistant to hostile enchantments, very unstealthy
A: negative energy resistance 1, electricity resistance, unbreathing,
petrification resistance, rot immunity, AC +4
a: no special abilities


You were on level 5 of the Dungeon.
You were not hungry.

You visited 1 branch of the dungeon, and saw 5 of its levels.

You collected 242 gold pieces.

Inventory:

Missiles
 b - 74 arrows
 v - 22 bolts
 y - 17 poisoned arrows
Armour
 c - a +0 robe
 u - a +0 buckler
 A - a +1 pair of gloves (worn)
 E - a +0 leather armour (worn)
 I - a +0 ring mail
Magical devices
 z - a wand of polymorph (4)
 G - a wand of random effects (0)
Comestibles
 a - 3 bread rations
 q - 4 meat rations
 C - a chunk of orc flesh
 F - a royal jelly
Scrolls
 f - 2 scrolls of enchant armour
 g - a scroll of fog {unknown}
 j - a scroll of teleportation {unknown}
 m - a scroll of recharging {unknown}
 o - a scroll of fear {unknown}
 p - a scroll of amnesia {unknown}
 s - a scroll of remove curse
 w - a scroll of noise
 x - a scroll of identify
Jewellery
 e - an uncursed ring of poison resistance
 H - a ring of see invisible (left hand)
 K - an uncursed ring of teleportation
Potions
 h - a potion of agility {unknown}
 i - a potion of might {unknown}
 k - a potion of porridge
 l - 2 potions of curing
 n - a potion of poison {unknown}
 r - a potion of beneficial mutation {unknown}
 t - a potion of mutation {unknown}
 B - a potion of cancellation {unknown}
 D - a potion of restore abilities {unknown}
Books
 d - a book of Changes

   Spells                             Type                      Level
   *Beastly Appendage                 Transmutation                1
   Sticks to Snakes                   Transmutation                2
   Spider Form                        Transmutation/Poison         3
   Ice Form                           Ice/Transmutation            4
   Blade Hands                        Transmutation                5


   Skills:
 - Level 1.1 Fighting
 - Level 1.9 Dodging
 + Level 7.9 Unarmed Combat
 - Level 2.1 Spellcasting
 - Level 1.7 Transmutations


You had 9 spell levels left.
You knew the following spells:

 Your Spells              Type           Power        Failure   Level  Hunger
a - Beastly Appendage     Trmt           #.....       14%         1    #......


Dungeon Overview and Level Annotations

Branches:
Dungeon (5/15)
 Temple: D:4-7

Altars:
Nemelex Xobeh

Annotations:
D:2 exclusion: downstairs


Innate Abilities, Weirdness & Mutations

You are resistant to torment.
You are immune to poison.
Your stone body is very resilient (AC +4).
You resist negative energy.
You are resistant to electric shocks.
You can survive without breathing.
You are immune to petrification.
You are immune to rotting.


Message History

An orc comes into view. It is wielding a hand axe.
An orc priest comes into view. It is wielding a club.
Your transformation is almost over.
The orc priest shouts!
The orc shouts!
You hit the orc wizard. You claw the orc wizard.
You kill the orc wizard!
The orc priest mumbles some strange prayers to Beogh against you.
Something smites you!
The orc priest calls down the wrath of Beogh upon you.
Something smites you!
* * * LOW HITPOINT WARNING * * *
Your talons disappear.
The orc priest's eyes start to glow.
The orc wizard gestures at you while chanting.
You resist.
There is a stone staircase leading up here.
You see here a trident.
The orc priest invokes the aid of Beogh against you.
Something smites you!
You die...

#.........# #.........#
######## #.........#
##......###.........#
#........##.........#
#........##.........#
#.....%.)#....<.....#
#...................#
#..o.o.@.##.........#
.#########............########
...................####
........###.......##
.#######......###..#
...#....).o....###.#
.......!......## ..
.!............# ###
........).#...#


You could see an orc priest, an orc wizard and an orc.

Vanquished Creatures
  The ghost of flinch the Bolt Thrower, an average KoHu of Okawaru (D:3)
  A worker ant (D:4)
  A giant frog skeleton (D:4)
  3 orc priests
  3 orc wizards
  A sheep (D:3)
  A gnoll (D:3)
  3 adders
  5 worms
  An adder skeleton (D:4)
  4 giant geckos
  16 orcs
  11 bats
  4 giant cockroaches
  7 goblins
  17 hobgoblins
  10 jackals
  9 kobolds
  2 quokkas (D:3)
  2 ball pythons (D:2)
  5 giant newts
  12 rats
119 creatures vanquished.

Notes
Turn   | Place    | Note
--------------------------------------------------------------
     0 | D:1      | Psiweapon, the Gargoyle Transmuter, began the quest for the Orb.
     0 | D:1      | Reached XP level 1. HP: 12/12 MP: 3/3
   377 | D:1      | Reached XP level 2. HP: 16/16 MP: 4/4
  1174 | D:1      | Reached XP level 3. HP: 12/20 MP: 4/6
  1392 | D:2      | Found a sparkling altar of Nemelex Xobeh.
  1547 | D:2      | Reached skill level 4 in Unarmed Combat
  1793 | D:2      | Reached XP level 4. HP: 15/25 MP: 5/7
  2702 | D:3      | Reached skill level 5 in Unarmed Combat
  2823 | D:3      | Noticed flinch's ghost (average KoHu)
  2847 | D:3      | Killed flinch's ghost
  2847 | D:3      | Reached skill level 6 in Unarmed Combat
  2847 | D:3      | Reached XP level 5. HP: 13/29 MP: 9/9
  3057 | D:3      | Reached XP level 6. HP: 24/34 MP: 10/10
  3816 | D:3      | Reached skill level 7 in Unarmed Combat
  4291 | D:4      | Reached XP level 7. HP: 38/38 MP: 12/12
  4921 | D:5      | Entered Level 5 of the Dungeon
  5121 | D:5      | Killed from afar by an orc priest

Action                   |  1- 3 |  4- 6 |  7- 9 || total
-------------------------+-------+-------+-------++-------
Melee: Unarmed           |   175 |   199 |    48 ||   422
 Cast: Beastly Appendage |    23 |    29 |    11 ||    63
Evoke: Wand              |       |     6 |    14 ||    20
  Use: Scroll            |       |       |     4 ||     4
 Stab: Sleeping          |       |     1 |       ||     1
  Eat: Chunk             |     4 |     8 |     3 ||    15
